 Dungeon Crawl Stone Soup version 0.17.1-3-g152610e (webtiles) character file.

86 Gargoyl the Skirmisher (level 4, -1/52 HPs)
             Began as a Demonspawn Abyssal Knight on Mar 11, 2016.
             Was a Believer of Lugonu.
             Slain by Sigmund
             ... wielding a +0 scythe
              (5 damage)
             ... on level 1 of the Dungeon.
             The game lasted 00:03:35 (2491 turns).

Gargoyl the Skirmisher (Demonspawn Abyssal Knight)  Turns: 2491, Time: 00:03:35

Health: -1/52      AC: 22    Str: 18    XL:     4   Next: 26%
Magic:  6/6        EV:  2    Int: 13    God:    Lugonu [**....]
Gold:   20         SH:  0    Dex: 18    Spells: 0 memorised, 3 levels left

rFire  . . .     SeeInvis .     a - +1 hand axe
rCold  . . .     Clarity  .     (armour currently unavailable)
rNeg   + + +     SustAt   .     (no shield)
rPois  +         Gourm    .     (helmet currently unavailable)
rElec  .         Spirit   .     (cloak currently unavailable)
rCorr  .         Warding  .     (gloves currently unavailable)
rMut   .         NoTele   +     (boots currently unavailable)
MR     .....                    (no amulet)
Stlth  +++.......               (no ring)
                                (no ring)

@: mighty, agile, tree-form, not resistant to hostile enchantments, fairly
stealthy
A: (hooves 0), powered by pain 1
a: Depart the Abyss, Bend Space, Renounce Religion


You were on level 1 of the Dungeon.
You worshipped Lugonu.
Lugonu was pleased with you.
You were not hungry.
You were a tree.
You visited 1 branch of the dungeon, and saw 2 of its levels.
You visited the Abyss 1 time.

You collected 20 gold pieces.

Inventory:

Hand Weapons
 a - a +1 hand axe (weapon)
Armour
 n - a +0 ring mail (melded)
Scrolls
 e - 3 scrolls of identify {unknown}
 g - a scroll of teleportation {unknown}
 j - 5 scrolls of remove curse {unknown}
 o - a scroll of random uselessness {unknown}
 p - a scroll of fog {unknown}
 q - a scroll of amnesia {unknown}
Potions
 l - a potion of magic {unknown}
 m - a potion of flight {unknown}
Comestibles
 d - a beef jerky
 k - a meat ration


   Skills:
 + Level 3.5 Fighting
 + Level 2.2 Axes
 + Level 2.6 Armour
 + Level 1.8 Dodging
 + Level 0.2 Stealth
 + Level 2.9 Invocations


You had 3 spell levels left.
You didn't know any spells.

Dungeon Overview and Level Annotations

Branches:
Dungeon (2/15)

Altars:

Annotations:
D:1 Sigmund


Innate Abilities, Weirdness & Mutations

((You have large cloven feet.))
You sometimes gain a little power by taking damage.


Message History

You bump into the rock wall.
You bump into the rock wall.
You feel less invigorated.
You feel less confused. Something hits you.
You barely miss something.
You hear some strange, mumbled words.
Something tries to affect you, but you resist.
You miss something. You kick something. Something hits you but does no damage.
You hit something. Something hits you.
Drink which item? (? for menu, Esc to quit)
It was a potion of might.
You feel very mighty all of a sudden.
You slash something! Something hits you!
* * * LOW HITPOINT WARNING * * *
Drink which item? (? for menu, Esc to quit)
It was a potion of lignification.
You turn into a tree.
Your +0 ring mail melds into your body.
Your roots penetrate the ground.
Something hits you but does no damage.
You miss something. Something hits you.
You die...

###.#)#.#### #..........#
#.#.#.#.##.#
#.#.#.#..#.########
#.#.#.#...........#
#######.#.#.####.######.#
............).@>.# #.#
#######.#.######{# #.#
...# #.#......)♣# #.#
##.# #.########## #.#
##.# #.###############.#
##.# #..............##.#
##.# ##############.##.#
...# #......)....#.##.#
...# #.#########†#.##.#
...# #.# #)#.##.# ...#
#.# #.#.##.#


There were no monsters in sight!

Vanquished Creatures
  5 adders (D:2)
  An ooze (D:1)
  A worm (D:2)
  4 hobgoblins (D:1)
  2 ball pythons (D:2)
  2 bats (D:1)
  5 giant cockroaches
  2 giant newts (D:1)
  8 goblins (D:1)
  5 kobolds
  5 rats (D:1)
40 creatures vanquished.

Notes
Turn   | Place    | Note
--------------------------------------------------------------
     0 | Abyss:1  | Gargoyl the Demonspawn Abyssal Knight began the quest for the Orb.
     0 | Abyss:1  | Reached XP level 1. HP: 18/18 MP: 2/2
    35 | Abyss:1  | Noticed a worldbinder
    41 | Abyss:1  | Noticed a human
    41 | Abyss:1  | Noticed an ironheart preserver
    44 | Abyss:1  | Noticed a large abomination
    46 | D:1      | Escaped the Abyss
   501 | D:1      | Reached * piety under Lugonu
   520 | D:1      | Gained mutation: You have large cloven feet. [demonic ancestry]
   520 | D:1      | Reached XP level 2. HP: 24/24 MP: 3/3
  1079 | D:1      | Reached skill level 1 in Dodging
  1344 | D:2      | Gained mutation: You sometimes gain a little power by taking damage. [demonic ancestry]
  1344 | D:2      | Reached XP level 3. HP: 24/29 MP: 5/5
  1867 | D:2      | Reached XP level 4. HP: 21/35 MP: 6/6
  2120 | D:2      | Noticed Sigmund
  2458 | D:1      | Reached ** piety under Lugonu
  2491 | D:1      | Slain by Sigmund

Action                   |  1- 3 |  4- 6 || total
-------------------------+-------+-------++-------
Melee: Hand axe          |   119 |    40 ||   159
Invok: Depart the Abyss  |     1 |       ||     1
  Use: Potion            |       |     4 ||     4
  Eat: Chunk             |     3 |     1 ||     4
       Bread ration      |       |     1 ||     1
